 Dungeon Crawl Stone Soup version 0.27.1-33-g824d729ab1 (webtiles) character file.

Game seed: 8853463298111270706

2742 halfoni the Cleaver (level 10, -1/76 HPs)
             Began as a Human Berserker on Dec 18, 2021.
             Was a Priest of Trog.
             Slain by a gnoll sergeant (4 damage)
             ... on level 7 of the Dungeon.
             The game lasted 00:11:54 (10601 turns).

halfoni the Cleaver (Human Berserker)              Turns: 10601, Time: 00:12:02

Health: -1/76      AC: 14    Str: 27    XL:     10   Next: 0%
Magic:  10/10      EV:  8    Int:  7    God:    Trog [***...]
Gold:   356        SH:  0    Dex: 13    Spells: 9/9 levels left

rFire    . . .     SeeInvis .   n - +3 battleaxe
rCold    . . .     Faith    .   (shield currently unavailable)
rNeg     + . .     Spirit   .   t - +0 plate armour
rPois    .         Reflect  .   (no helmet)
rElec    .         Harm     .   e - +0 cloak
rCorr    .         Rampage  .   (no gloves)
Will     .....                  (no boots)
Stlth    ..........             (no amulet)
HPRegen  0.22/turn              f - ring of positive energy
MPRegen  0.12/turn              s - +6 ring of strength

@: lethally poisoned (-1 -> -11), on berserk cooldown
A: no striking features
a: Renounce Religion, Berserk, Trog's Hand


You were on level 7 of the Dungeon.
You worshipped Trog.
Trog was most pleased with you.
You visited 1 branch of the dungeon, and saw 7 of its levels.

You collected 356 gold pieces.

Inventory:

Hand Weapons
 b - a +0 war axe
 n - a +3 battleaxe (weapon)
Armour
 e - a +0 cloak (worn)
 t - a +0 plate armour (worn)
Jewellery
 f - a ring of positive energy (left hand)
 q - a ring of protection from fire
 s - a +6 ring of strength (right hand)
Wands
 o - a wand of acid (7)
Scrolls
 a - 3 scrolls of identify
 d - a scroll of blinking
 h - a scroll of enchant armour {unknown}
 j - 4 scrolls of teleportation
Potions
 c - 2 potions of curing
 g - a potion of haste {unknown}
 i - a potion of heal wounds {unknown}
 k - a potion of cancellation {unknown}
 l - a potion of berserk rage {unknown}
 p - a potion of degeneration {unknown}
 r - a potion of resistance {unknown}
 u - a potion of lignification {unknown}
Miscellaneous
 m - a tin of tremorstones (2/2)


   Skills:
 + Level 5.8 Fighting
 + Level 10.1 Axes
 + Level 6.5 Armour
 + Level 3.2 Dodging
 + Level 1.4 Stealth


You had 9 spell levels left.
You didn't know any spells.
Your spell library was empty.

Dungeon Overview and Level Annotations

Branches:
Dungeon (7/15)             Temple (0/1) D:7

Altars:
Ashenzari
Dithmenos
Elyvilon
Nemelex Xobeh
Ru
Sif Muna
Uskayaw
Zin


Message History

You have reached level 10!
You feel sick.
You feel a strong urge to attack something.
You feel sick.
You are no longer berserk.
You are exhausted.
You feel yourself slow down.
Items here: ) = ? [.
You feel sick.
The gnoll sergeant throws a stone.
The stone hits you!
* * * LOW HITPOINT WARNING * * *
You feel sick.
You are no longer poisoned.
The gnoll sergeant throws a stone.
The stone hits you but does no damage.
The gnoll sergeant throws a stone.
The stone hits you but does no damage.
The gnoll sergeant throws a stone.
The stone barely misses you.
Found a scale mail and 9 gold pieces.
The gnoll sergeant throws a stone.
The stone completely misses you.
The gnoll sergeant throws a stone.
The stone hits you!
* * * LOW HITPOINT WARNING * * *
Items here: ) = ? [.
The gnoll sergeant throws a stone.
The stone hits you but does no damage. The gnoll sergeant barely misses you.
The gnoll sergeant throws a stone.
The stone hits you but does no damage.
The gnoll sergeant hits you with a +0 spear of venom.
* * * LOW HITPOINT WARNING * * *
The gnoll sergeant hits you but does no damage.
You are poisoned.
You barely miss the gnoll sergeant.
You feel very sick. The gnoll sergeant closely misses you.
The gnoll sergeant hits you with a +0 spear of venom.
* * * LOW HITPOINT WARNING * * *
You are lethally poisoned!
You slash the gnoll sergeant!
The gnoll sergeant is heavily wounded.
You feel yourself speed up.
* * * LOW HITPOINT WARNING * * *
You feel extremely sick.
The gnoll sergeant hits you with a +0 spear of venom.
You die...

.....#...... .....'......#
# # .....#'####.### .#. ##
#####..........## ...### .
....#))......#.#.#.#.#$#.#
...............##.#.#.##.
P...P.......###..#.#.#..###
..>.........#...#.#.#.#...#
P...P.......###g@#.#.#..#
...............##.#.#)#
....#........#.#[#.#.#(#
....#.........g###)..###
....#.......###...#.#...#
#...#.......###.#.#.#.#.#
#...#........##...###.. #
#...#.............. ...
#...#.........#...#. ...


You could see a gnoll sergeant.

Vanquished Creatures
  Pikel (D:7)
  Joseph (D:7)
  An ice beast (D:7)
  A sky beast (D:6)
  3 necrophages
  2 ogres
  2 lemures (D:7)
  2 phantoms
  Blork the orc (D:5)
  2 bullfrogs
  2 scorpions (D:6)
  A water moccasin zombie (D:6)
  3 wights (D:4)
  2 howler monkeys (D:7)
  A bullfrog zombie (D:6)
  2 hounds
  3 bullfrog skeletons
  A centaur skeleton (D:4)
  2 jellies
  4 iguanas
  7 gnolls
  10 adders
  2 ufetubi
  2 worms
  2 dart slugs
  10 orcs
  6 ball pythons
  5 bats
  10 endoplasms
  3 giant cockroaches
  3 goblins
  7 hobgoblins
  2 jackals (D:3)
  11 kobolds
  3 quokkas
  3 frilled lizards
  8 rats
131 creatures vanquished.

Vanquished Creatures (others)
  2 plants (D:7)
2 creatures vanquished.

Grand Total: 133 creatures vanquished

Notes
Turn   | Place    | Note
-------+----------+-------------------------------------------
     0 | D:1      | halfoni the Human Berserker began the quest for the Orb.
     0 | D:1      | Reached XP level 1. HP: 18/18 MP: 1/1
   476 | D:1      | Reached XP level 2. HP: 20/24 MP: 2/2
  1445 | D:2      | Reached XP level 3. HP: 20/29 MP: 3/3
  2660 | D:2      | Reached XP level 4. HP: 32/35 MP: 4/4
  2795 | D:2      | Reached ** piety under Trog
  3753 | D:3      | Reached skill level 4 in Axes
  3763 | D:3      | Found a faded altar of an unknown god.
  4225 | D:3      | Reached XP level 5. HP: 28/41 MP: 5/5
  4918 | D:4      | Noticed a necrophage
  4935 | D:4      | Killed a necrophage
  4936 | D:4      | Reached XP level 6. HP: 40/48 MP: 6/6
  5153 | D:4      | Reached skill level 5 in Axes
  5161 | D:4      | Reached XP level 7. HP: 21/52 MP: 7/7
  5413 | D:4      | Found a white marble altar of Elyvilon.
  5584 | D:4      | Found a shimmering blue altar of Sif Muna.
  5596 | D:4      | Reached *** piety under Trog
  5793 | D:4      | Found a sacrificial altar of Ru.
  5793 | D:4      | Found a hide-covered altar of Uskayaw.
  5796 | D:4      | Found a shadowy altar of Dithmenos.
  5891 | D:4      | Reached skill level 1 in Stealth
  6038 | D:4      | Found a glowing silver altar of Zin.
  6065 | D:4      | Reached skill level 6 in Axes
  6368 | D:5      | Entered Level 5 of the Dungeon
  6788 | D:5      | Reached XP level 8. HP: 15/60 MP: 8/8
  7417 | D:5      | Noticed Blork the orc
  7431 | D:5      | Killed Blork the orc
  7782 | D:6      | Reached skill level 5 in Armour
  7904 | D:6      | Reached skill level 7 in Axes
  8439 | D:6      | Reached skill level 5 in Fighting
  8699 | D:6      | Reached skill level 8 in Axes
  8699 | D:6      | Reached XP level 9. HP: 46/68 MP: 9/9
  9270 | D:6      | Found a sparkling altar of Nemelex Xobeh.
  9624 | D:6      | Found a broken altar of Ashenzari.
  9994 | D:7      | Noticed Pikel
 10013 | D:7      | Killed Pikel
 10014 | D:7      | Reached skill level 9 in Axes
 10187 | D:7      | Noticed Joseph
 10189 | D:7      | Found a staircase to the Ecumenical Temple.
 10203 | D:7      | Killed Joseph
 10544 | D:7      | Reached skill level 10 in Axes
 10576 | D:7      | Reached XP level 10. HP: 44/76 MP: 10/10
 10601 | D:7      | HP: 3/76 [poisoned by a gnoll sergeant]
 10601 | D:7      | Slain by a gnoll sergeant

Illustrated notes

Levels and vault maps discovered:
D:1:      ncdulo_watergridlock, layout_basic, chequers_mini_garden
D:2:      layout_loops_ring, minmay_misc_feat_tower
D:3:      minmay_octagon_keep, layout_basic, shapermc_ecumenical_altar_pompeii
D:4:      layout_basic, grunt_temple_overflow_open,
          mainiacjoe_overflow_24_doors, zin_statuary
D:5:      layout_basic, uniq_blork_the_orc
D:6:      layout_basic, mainiacjoe_overflow_swirl, kennysheep_generic_room_3
D:7:      layout_gridville, minmay_temple_entry_overgrown, grunt_decor_cap,
          minmay_starry_boxes, uniq_pikel, uniq_joseph

Skill      XL: |  1  2  3  4  5  6  7  8  9 |
---------------+----------------------------+-----
Axes           | 4 5 6 8 10 | 10.1
Armour         | 3 4 5 6 |  6.5
Fighting       | 4 5 |  5.8
Dodging        | 3 |  3.2
Stealth        | 1 |  1.4

Action                   |  1- 3 |  4- 6 |  7- 9 | 10-12 || total
-------------------------+-------+-------+-------+-------++-------
Melee: Hand axe          |   105 |   183 |     3 |       ||   291
       Battleaxe         |       |       |   211 |     2 ||   213
Invok: Berserk           |     2 |     6 |     9 |       ||    17
  Use: Scroll            |       |       |     7 |       ||     7
Armor: Animal skin       |    26 |       |       |       ||    26
       Chain mail        |     1 |   118 |    18 |       ||   137
       Plate armour      |       |       |   119 |     5 ||   124
Dodge: Dodged            |    57 |    94 |    83 |     4 ||   238
